 Dungeon Crawl Stone Soup version 0.29-a0-334-gb41bcbb86e (webtiles) character file.

Game seed: 14100133742755292612

197 Morbidden the Conjurer (level 5, -1/48 HPs)
             Began as a Troll Conjurer on Apr 14, 2022.
             Slain by Grinder (4 damage)
             ... on level 3 of the Dungeon.
             The game lasted 00:02:33 (2487 turns).

Morbidden the Conjurer (Troll Conjurer)             Turns: 2487, Time: 00:02:33

Health: -1/48      AC:  4    Str: 13 (15) XL:     5   Next: 46%
Magic:  2/6        EV: 10    Int: 13 (16) God:
Gold:   196        SH:  0    Dex: 17 (20) Spells: 4/7 levels left

rFire   . . .      SeeInvis .     - Unarmed
rCold   . . .      Faith    .   (no shield)
rNeg    . . .      Spirit   .   m - +0 robe "Beadyups" {Dex+6}
rPois   .          Reflect  .   (helmet restricted)
rElec   .          Harm     .   (no cloak)
rCorr   .          Rampage  .   (gloves unavailable)
Will    .....                   (boots unavailable)
Stlth   ++........              (no amulet)
HPRegen 0.96/turn               j - +6 ring of dexterity
MPRegen 0.10/turn               (no ring)

@: mighty, brilliant, invisible
A: large, unfitting armour, claws 3, regeneration 1, shaggy fur 1, tough skin 1
a: no special abilities


You were on level 3 of the Dungeon.
You visited 1 branch of the dungeon, and saw 3 of its levels.

You collected 196 gold pieces.

Inventory:

Missiles
 i - a throwing net
Armour
 m - the +0 robe "Beadyups" (worn) {Dex+6}
   (You found it on level 3 of the Dungeon)

   Dex:       It affects your dexterity (+6).
Jewellery
 j - a +6 ring of dexterity (left claw)
Scrolls
 a - a scroll of noise {unknown}
 d - a scroll of enchant weapon {unknown}
 e - 3 scrolls of identify {unknown}
 f - 3 scrolls of teleportation {unknown}
 h - a scroll of blinking {unknown}
Potions
 b - a potion of magic
 c - 3 potions of degeneration


   Skills:
 * Level 1.0 Fighting
 * Level 2.5 Dodging
 + Level 1.1 Stealth
 + Level 2.0 Unarmed Combat
 * Level 1.8 Spellcasting
 * Level 3.7 Conjurations


You had 4 spell levels left.
You knew the following spells:

 Your Spells              Type           Power      Damage    Failure   Level
a - Magic Dart            Conj           64%        1d6       5%          1
b - Searing Ray           Conj           32%        2d5       9%          2

Your spell library contained the following spells:

 Spells                   Type           Power      Damage    Failure   Level
 Pain                     Necr           4%         1d4       26%         1
 Call Imp                 Summ           1%         N/A       36%         2
 Dazzling Flash           Conj/Hex       18%        N/A       36%         3
 Mephitic Cloud           Conj/Pois/Air  6%         N/A       43%         3
 Fulminant Prism          Conj/Hex       4%         3d6       77%         4
 Iskenderun's Mystic Bla  Conj/Tloc      9%         2d4       77%         4
 Agony                    Necr           1%         N/A       100%        5
 Excruciating Wounds      Necr           0%         N/A       100%        5


Dungeon Overview and Level Annotations

Branches:
Dungeon (3/15)

Altars:

Shops:
D:3 :

Annotations:
D:3 2 runed translucent doors, Grinder


Innate Abilities, Weirdness & Mutations

You are too large for most types of armour.
You have claws for hands.
Your natural rate of healing is unusually fast.
You are covered in fur. (AC +1)
You have tough skin. (AC +1)


Message History

You fade into invisibility!
Unknown command.
Casting: Magic Dart (safe; 5% risk of failure)
Confirm with . or Enter, or press ? or * to list all spells.
Aiming: Searing Ray (safe; 9% risk of failure)
Press: ? - help, Shift-Dir - straight line, f - Grinder
Aim: Grinder (heavily wounded, can't see you, 73% to hit)
The searing ray hits Grinder.
Grinder is heavily wounded. (Press . to maintain the ray.) Unknown command.
Unknown command.
The searing ray hits Grinder but does no damage.
Grinder is heavily wounded.
Unknown command.
Unknown command.
The searing ray hits Grinder.
Grinder is heavily wounded.
Grinder gestures at you. Pain shoots through your body!
* * * LOW HITPOINT WARNING * * *
Unknown command.
Unknown command.
Unknown command.
It was a potion of brilliance.
You feel clever all of a sudden. Grinder closely misses you.
Unknown command.
You catch the helpless Grinder completely off-guard!
You claw Grinder!
Grinder is severely wounded.
Grinder gestures at you.
You barely resist.
Unknown command.
You closely miss Grinder.
Grinder is severely wounded.
Grinder hits you.
* * * LOW HITPOINT WARNING * * *
You writhe in agony.
You die...

#.......# . #.......# .#
# #.......# ..##
#.#.......# #..###
#.<.......# ....###
#........# ##.#...#
#...)....#
...###.#####.###5####
....##....##.###@#
#>.)......##.....#
###..............#
..##..####..#'#..#######
#.###.# #.##.##..##...#
#...#)# #####.###......#
###...# #.'..∩..+....###
.###### #.###.###.....##
.########...#.######...#


You could see Grinder (can't see you).

Vanquished Creatures
  Terence (D:3)
  Natasha (D:3)
  7 adders
  2 worms (D:3)
  3 dart slugs
  3 orcs (D:3)
  2 ball pythons
  11 bats
  4 giant cockroaches
  11 goblins
  5 hobgoblins
  7 kobolds
  2 quokkas
  5 frilled lizards
  4 rats
68 creatures vanquished.

Vanquished Creatures (others)
  6 plants (D:3)
6 creatures vanquished.

Grand Total: 74 creatures vanquished

Notes
Turn   | Place    | Note
-------+----------+-------------------------------------------
     0 | D:1      | Morbidden the Troll Conjurer began the quest for the Orb.
     0 | D:1      | Reached XP level 1. HP: 16/16 MP: 1/1
    15 | D:1      | Reached skill level 3 in Conjurations
   111 | D:1      | Reached XP level 2. HP: 24/24 MP: 3/3
   468 | D:1      | Reached XP level 3. HP: 29/31 MP: 4/4
  1009 | D:2      | Learned a level 2 spell: Searing Ray
  1081 | D:2      | Reached skill level 1 in Unarmed Combat
  1403 | D:2      | Found a faded altar of an unknown god.
  1445 | D:2      | Reached XP level 4. HP: 40/40 MP: 0/5
  2001 | D:3      | Found a large runed translucent door.
  2001 | D:3      | Found a large runed translucent door.
  2040 | D:3      | Found Hafaer's Book Boutique.
  2144 | D:3      | Reached XP level 5. HP: 46/46 MP: 1/6
  2387 | D:3      | Identified the +0 robe "Beadyups" {Dex+6}
  2430 | D:3      | Noticed Terence
  2432 | D:3      | Noticed Grinder
  2434 | D:3      | Noticed Natasha
  2448 | D:3      | Killed Natasha
  2478 | D:3      | Killed Terence
  2479 | D:3      | Reached skill level 1 in Fighting
  2480 | D:3      | HP: 2/48 [Grinder/nerve-wracking pain (10)]
  2487 | D:3      | Slain by Grinder

Illustrated notes

Levels and vault maps discovered:
D:1:      tarquinn_simple_flora_water_d, layout_basic
D:2:      layout_basic, ebering_ecumenical_altar_mist, st_stairs_14,
          kennysheep_path_1, minmay_ruptured
D:3:      cheibrodos_old_hovel, layout_rooms, bloody_makhleb,
          jmf_multi_god_temple2, serial_shops, nicolae_shop_hallway_plus,
          st_stairs_10, kennysheep_generic_room_2, uniq_natasha, uniq_grinder,
          uniq_terence

Skill      XL: |  1  2  3  4  5 |
---------------+----------------+-----
Conjurations   | 3 |  3.7
Unarmed Combat | 1 2 |  2.0
Dodging        | 2 |  2.5
Fighting       | 1 |  1.0
Stealth        | |  1.1
Spellcasting   | |  1.8

Action                   |  1- 3 |  4- 6 || total
-------------------------+-------+-------++-------
Melee: Unarmed           |   103 |    91 ||   194
       Punch             |     1 |       ||     1
 Cast: Magic Dart        |    19 |    34 ||    53
       Searing Ray       |       |     1 ||     1
  Use: Potion            |       |     4 ||     4
 Stab: Sleeping          |     1 |       ||     1
       Invisible         |       |     1 ||     1
Armor: Robe              |    79 |    24 ||   103
Dodge: Dodged            |    72 |    71 ||   143

Table legend: (Time is in decaauts)
 A = Elapsed time spent in this place.
 B = Non-inter-level travel time spent in this place.
 C = Inter-level travel time spent in this place.
 D = Time resting spent in this place.
 E = Time spent auto-exploring this place.
 F = Levels seen in this place.
 G = Mean time per level.
                   A        B        C        D        E       F      G
               +--------+--------+--------+--------+--------+-----+--------+
         Total |   2486 |   2406 |     80 |      0 |   1927 |   3 |  828.7 |
       Dungeon |   2486 |   2406 |     80 |      0 |   1927 |   3 |  828.7 |
               +--------+--------+--------+--------+--------+-----+--------+

Top non-repeatable levels by time:
     D:2: 967 daAuts
     D:3: 794 daAuts
     D:1: 724 daAuts
